 Dungeon Crawl Stone Soup version 0.31.0-1-g2c135a0 (webtiles) character file.

Game seed: 16599727270213753665

10 Kel the Trooper (level 2, 0/19 HPs)
             Began as a Gargoyle Berserker on Feb 10, 2024.
             Was a Follower of Trog.
             Slain by a kobold
             ... wielding a +3 whip of freezing
              (2 damage)
             ... on level 1 of the Dungeon.
             The game lasted 00:00:50 (350 turns).

Kel the Trooper (Gargoyle Berserker)                 Turns: 350, Time: 00:00:51

Health: 0/19       AC:  5    Str: 20    XL:     2   Next: 20%
Magic:  2/2        EV: 11    Int:  7    God:    Trog [*.....]
Gold:   29         SH:  0    Dex:  9    Spells: 1/1 levels left

rFire   . . .        a - +0 mace
rCold   . . .        (no shield)
rNeg    + . .        b - +0 animal skin
rPois   ∞            (no helmet)
rElec   +            (no cloak)
rCorr   .            (no gloves)
SInv    .            (no boots)
Will    .....        (no amulet)
Stlth   +            (no ring)
HPRegen 0.23/turn    (no ring)
MPRegen 0.08/turn

%: no passive effects
@: no status effects
A: sickness immunity, AC +2, negative energy resistance 1, electricity
resistance, torment resistance 1, petrification resistance
a: Renounce Religion, Berserk


You were on level 1 of the Dungeon.
You worshipped Trog.
Trog was aware of your devotion.
You visited 1 branch of the dungeon, and saw 1 of its levels.

You collected 29 gold pieces.

Inventory:

Hand Weapons
 a - a +0 mace (weapon)
Armour
 b - a +0 animal skin (worn)
Scrolls
 c - a scroll of teleportation {unknown}
 d - a scroll of acquirement {unknown}
 f - a scroll of identify {unknown}
 g - a scroll of revelation {unknown}
Potions
 e - a potion of ambrosia {unknown}


   Skills:
 + Level 3.4 Fighting
 * Level 3.3 Maces & Flails
 + Level 2.4 Armour
 - Level 1.5 Dodging


You had one spell level left.
You didn't know any spells.
Your spell library was empty.

Dungeon Overview and Level Annotations

Branches:
Dungeon (1/15)

Altars:


Innate Abilities, Weirdness & Mutations

You are immune to sickness and miasma.
Your stone body is resilient. (AC +2)
You are immune to poison.
You resist negative energy. (rN+)
You are resistant to electric shocks. (rElec)
You are resistant to unholy torment.
You are immune to petrification.


Message History

You miss the frilled lizard. The frilled lizard bites you.
You sock the frilled lizard!
You kill the frilled lizard!
Trog accepts your kill.
No target in view!
No target in view!
g - a scroll labelled MYTTAMAE LICE You open the door.
A kobold comes into view. It is wielding a +3 whip of freezing.
The kobold shouts!
There is an open door here.
A rat comes into view.
The rat squeaks loudly.
The kobold closely misses you.
A frilled lizard comes into view.
You closely miss the kobold. The kobold barely misses you.
You barely miss the kobold.
The frilled lizard hisses angrily.
The kobold hits you but does no damage. The rat bites you but does no damage.
The kobold hits you with a +3 whip of freezing.
The kobold freezes you. The rat bites you.
You hit the kobold. Your punch misses the kobold.
The kobold is severely wounded.
The kobold hits you with a +3 whip of freezing.
The kobold freezes you.
The frilled lizard hisses.
The rat closely misses you.
You are too injured to fight recklessly!
The rat closely misses you. The kobold attacks as it pursues you!
The kobold barely misses you.
There is an open door here.
You hit the kobold but do no damage.
The kobold is severely wounded.
The kobold misses you.
You barely miss the kobold.
The kobold is severely wounded.
The kobold hits you with a +3 whip of freezing.
* * * LOW HITPOINT WARNING * * *
The kobold freezes you.
You die...

#....#.# #....#.#
#....#.#
##########......#
........##......#
........##......#
........##......#
........##......####
.......rK@.........###
.......l##....####...###
######.###....# ###...##
#. ###### ###..# #.
##.## #. #.). #. #### #.
#.. #..


You could see a kobold, a frilled lizard and a rat.

Vanquished Creatures
  2 ball pythons (D:1)
  2 goblins (D:1)
  A hobgoblin (D:1)
  3 kobolds (D:1)
  A frilled lizard (D:1)
  A rat (D:1)
10 creatures vanquished.

Notes
Turn   | Place    | Note
-------+----------+-------------------------------------------
     0 | D:1      | Kel the Gargoyle Berserker began the quest for the Orb.
     0 | D:1      | Reached XP level 1. HP: 14/14 MP: 1/1
   110 | D:1      | Found a faded altar of an unknown god.
   139 | D:1      | Reached XP level 2. HP: 19/19 MP: 2/2
   350 | D:1      | Slain by a kobold

Illustrated notes

Levels and vault maps discovered:
D:1:      minmay_arrival_shattered_statue, layout_basic,
          shapermc_ecumenical_altar_rom_forum, st_stairs_8

Action                     || total
---------------------------++-------
  Melee: Mace              ||    29
 Armour: Animal skin       ||    18
  Dodge: Dodged            ||    16
